 Dungeon Crawl Stone Soup version 0.31-a0-1042-ga9834b393d (webtiles) character file.

Game seed: 3803147485335819401

11713 lorenzova the Thaumaturge (level 11, -7/54 HPs)
             Began as a Deep Elf Conjurer on Nov 19, 2023.
             Was a Priest of Vehumet.
             Shot with a bolt by a yaktaur (24 damage)
             ... on level 11 of the Dungeon.
             The game lasted 00:34:40 (15261 turns).

lorenzova the Thaumaturge (Deep Elf Conjurer)      Turns: 15261, Time: 00:34:40

Health: -7/54      AC:  4    Str:  4    XL:     11   Next: 52%
Magic:  28/39      EV: 12    Int: 34    God:    Vehumet [***...]
Gold:   252        SH:  0    Dex: 16    Spells: 17/37 levels left

rFire   . . .        h - +1 dagger (venom)
rCold   + . .        (no shield)
rNeg    . . .        I - +1 robe {rC+}
rPois   .            i - +0 helmet
rElec   .            (no cloak)
rCorr   .            (no gloves)
SInv    .            (no boots)
Will    +....        u - amulet of magic regeneration
Stlth   ++           t - ring of magical power
HPRegen 0.29/turn    C - ring of Secrets {Int+6 Dex+3}
MPRegen 0.66/turn

%: no passive effects
@: no status effects
A: no striking features
a: Renounce Religion


You were on level 11 of the Dungeon.
You worshipped Vehumet.
Vehumet was most pleased with you.
You visited 1 branch of the dungeon, and saw 11 of its levels.

You collected 1215 gold pieces.
You spent 963 gold pieces at shops.

Inventory:

Hand Weapons
 h - a +1 dagger of venom (weapon)
Armour
 i - a +0 helmet (worn)
 x - +0 swamp dragon scales
 I - a +1 robe of cold resistance (worn)
Jewellery
 g - a +6 ring of dexterity
 o - a ring of poison resistance
 q - a +5 ring of evasion
 s - a +4 ring of protection
 t - a ring of magical power (left hand)
 u - an amulet of magic regeneration (around neck)
 w - an amulet of faith
 B - a ring of see invisible
 C - the ring of Secrets (right hand) {Int+6 Dex+3}
   (You bought it in a shop on level 8 of the Dungeon)

   [ring of intelligence]

   Int+6:     It affects your intelligence (+6).
   Dex+3:     It affects your dexterity (+3).
 D - a ring of flight
 J - a ring of resist corrosion
Wands
 m - a wand of flame (72)
 r - a wand of mindburst (30)
 A - a wand of digging (1)
 H - a wand of polymorph (2)
Scrolls
 e - 3 scrolls of fog
 f - a scroll of teleportation
 j - 2 scrolls of vulnerability
 k - a scroll of enchant armour
 y - 2 scrolls of silence
 F - 2 scrolls of amnesia
 G - 2 scrolls of noise {unknown}
Potions
 b - a potion of magic
 c - a potion of cancellation {unknown}
 d - a potion of brilliance {unknown}
 l - 5 potions of berserk rage
 n - a potion of enlightenment {unknown}
 p - 3 potions of heal wounds
 v - 3 potions of might
 z - 2 potions of curing {unknown}
 E - a potion of ambrosia {unknown}


   Skills:
 - Level 2.4 Dodging
 - Level 2.4 Stealth
 * Level 13.8 Spellcasting
 * Level 12.2 Conjurations
 - Level 6.0 Hexes
 - Level 6.0 Translocations
 * Level 7.1 Fire Magic
 + Level 5.0 Air Magic


You had 17 spell levels left.
You knew the following spells:

 Your Spells              Type           Power      Damage    Failure   Level
a - Magic Dart            Conj           100%       1d8       0%          1
b - Searing Ray           Conj           100%       2d8       0%          2
c - Iskenderun's Mystic   Conj/Tloc      72%        2d15      1%          4
d - Fulminant Prism       Conj/Hex       36%        3d17      1%          4
e - Shock                 Conj/Air       100%       1d9       1%          1
f - Fireball              Conj/Fire      36%        3d15      1%          5
g - Swiftness             Air            55%        N/A       1%          3

Your spell library contained the following spells:

 Spells                   Type           Power      Damage    Failure   Level
 Hailstorm                Conj/Ice       60%        3d13      1%          3
 Apportation              Tloc           100%       N/A       1%          1
 Sting                    Tmut/Pois      92%        1d7       1%          1
 Jinxbite                 Hex            100%       N/A       1%          2
 Dazzling Flash           Conj/Hex       100%       N/A       1%          3
 Gell's Gravitas          Tloc           59%        N/A       1%          3
 Mephitic Cloud           Conj/Pois/Air  58%        N/A       1%          3
 Teleport Other           Tloc           59%        N/A       1%          3
 Tukima's Dance           Hex            59%        N/A       1%          3
 Volatile Blastmotes      Fire/Tloc      100%       2d18      1%          3
 Airstrike                Air            27%        2d(4-20)  1%          4
 Passage of Golubria      Tloc           59%        N/A       1%          4
 Starburst                Conj/Fire      36%        6d11      1%          6
 Call Imp                 Summ           46%        N/A       2%          2
 Conjure Ball Lightning   Conj/Air       35%        3x3d11    2%          6
 Yara's Violent Unravell  Hex/Tmut       21%        3d10      4%          5
 Dispersal                Tloc           29%        N/A       24%         6
 Alistair's Intoxication  Tmut/Pois      15%        N/A       45%         5
 Eringya's Noxious Bog    Tmut/Pois      11%        4d6       54%         6
 Maxwell's Capacitive Co  Air            27%        ∞         97%         8
 Discord                  Hex            29%        N/A       100%        8
 Disjunction              Tloc           29%        N/A       100%        8


Dungeon Overview and Level Annotations

Branches:
Dungeon (11/15)            Temple (0/1) D:7
   Lair: D:8-11         Orc: D:9-12

Altars:
Cheibriados
Dithmenos
Elyvilon
Hepliaklqana
Makhleb
Okawaru
Ru
Trog
Uskayaw
Vehumet
Xom
Yredelemnul

Shops:
D:6 :   D:8 :?**:


Message History

Aim: a yaktaur, wielding a +0 spear (wandering, hasn't noticed you)
The fireball explodes!
The fireball engulfs the yaktaur!!
The yaktaur is severely wounded.
The yaktaur shouts!
You hear a shout! x2
The yaktaur unwields a +0 spear.
The yaktaur wields a +0 arbalest.
The yaktaur shoots a bolt.
The bolt hits you!
Unknown command.
Casting: Fireball (dangerous; 1% risk of failure)
Confirm with . or Enter, or press ? or * to list all spells.
You erupt in a blast of force!
The mystic blast hits the yaktaur!!
You kill the yaktaur!
Vehumet accepts your kill.
You feel your power returning.
A yaktaur comes into view.
Your Fire Magic skill increases to level 7!
Casting: Iskenderun's Mystic Blast (safe; 1% risk of failure)
Confirm with . or Enter, or press ? or * to list all spells.
Aiming: Fireball (dangerous; 1% risk of failure)
Press: ? - help, Shift-Dir - straight line, f - yaktaur
Aim: a yaktaur The fireball explodes!
The fireball engulfs the yaktaur!!
The yaktaur is heavily wounded.
The yaktaur wields a +0 arbalest.
The yaktaur shoots a bolt.
The bolt hits you!
Unknown command.
Unknown command.
Casting: Fireball (dangerous; 1% risk of failure)
Confirm with . or Enter, or press ? or * to list all spells.
You erupt in a blast of force!
The mystic blast hits the yaktaur!
The yaktaur is almost dead.
The yaktaur is knocked back by the mystic blast.
The yaktaur slams into the rock wall!
You kill the yaktaur!
Vehumet accepts your kill.
You feel your power returning.
Your Air Magic skill increases to level 5! 2 yaktaurs come into view.
The yaktaur wields a +0 arbalest.
The yaktaur shoots a bolt.
The bolt hits you.
The yaktaur wields a +0 arbalest.
The yaktaur shoots a bolt.
The bolt hits you!!
You die...

#........ #.......#
.......# ......#
.cc. ###)# #...#
#.### ##@###
#####....#
###########...'....+
............###....#
############# #....#
#....# #....# ######


You could see 2 yaktaurs.

Vanquished Creatures
  2 two-headed ogres
  An ugly thing (D:9)
  Psyche (D:9)
  A gargoyle (D:10)
  Maggie (D:6)
  An unseen horror (D:10)
  A rime drake (D:11)
  3 yaktaurs (D:11)
  A polar bear (D:11)
  3 hornets
  A wraith (D:11)
  16 yaks
  Eustachio (D:4)
  A steam dragon (D:9)
  5 water moccasins
  2 black bears (D:6)
  A sky beast (D:8)
  2 orc warriors
  2 ice beasts (D:11)
  3 ogres
  A wolf (D:11)
  3 centaurs
  A phantom (D:6)
  2 bullfrogs (D:7)
  Blork the orc (D:4)
  2 kobold brigands
  A scorpion (D:6)
  16 wights
  7 killer bees
  4 howler monkeys
  2 electric eels (D:8)
  2 hounds
  A jelly (D:6)
  5 orc priests
  Jessica (D:3)
  Ijyb (D:3)
  An iguana (D:6)
  12 orc wizards
  Natasha (thrice) (D:4)
  Robin (D:2)
  4 gnolls
  8 adders
  A shadow imp (D:6)
  2 white imps (D:5)
  2 ufetubi (D:6)
  2 worms
  2 dart slugs
  45 orcs
  11 endoplasms
  3 giant cockroaches
  19 goblins
  7 hobgoblins
  26 kobolds
  3 quokkas
  5 ball pythons
  6 bats
  7 frilled lizards
  5 rats
274 creatures vanquished.

Vanquished Creatures (others)
  38 fulminant prisms
38 creatures vanquished.

Grand Total: 312 creatures vanquished

Notes
Turn   | Place    | Note
-------+----------+-------------------------------------------
     0 | D:1      | lorenzova the Deep Elf Conjurer began the quest for the
                  | Orb.
     0 | D:1      | Reached XP level 1. HP: 10/10 MP: 6/6
   140 | D:1      | Reached XP level 2. HP: 15/15 MP: 5/8
   207 | D:1      | Learned a level 2 spell: Searing Ray
   609 | D:1      | Reached skill level 4 in Spellcasting
   721 | D:1      | Reached XP level 3. HP: 19/19 MP: 7/10
   723 | D:1      | Reached skill level 5 in Conjurations
  1344 | D:2      | Reached XP level 4. HP: 24/24 MP: 7/12
  1390 | D:2      | You fall into a shaft and drop 2 floors!
  1889 | D:2      | Noticed Robin
  2290 | D:2      | Reached skill level 5 in Spellcasting
  2882 | D:2      | Killed Robin
  3411 | D:3      | Found a sacrificial altar of Ru.
  3654 | D:3      | Found a white marble altar of Elyvilon.
  3979 | D:3      | Noticed Ijyb
  3983 | D:3      | Killed Ijyb
  3984 | D:3      | Reached XP level 5. HP: 28/28 MP: 9/15
  4092 | D:3      | Found a bloodstained altar of Trog.
  4200 | D:3      | Found a hide-covered altar of Uskayaw.
  4308 | D:3      | Noticed Jessica
  4312 | D:3      | Killed Jessica
  4654 | D:4      | Noticed Eustachio
  4740 | D:4      | Killed Eustachio
  4741 | D:4      | Reached skill level 6 in Spellcasting
  4741 | D:4      | Reached XP level 6. HP: 12/32 MP: 6/17
  4813 | D:4      | Found a shadowy altar of Dithmenos.
  5177 | D:4      | Noticed Natasha
  5180 | D:4      | Killed Natasha
  6815 | D:4      | Noticed Natasha
  6820 | D:4      | Killed Natasha
  6821 | D:4      | Reached skill level 7 in Spellcasting
  8087 | D:4      | Reached XP level 7. HP: 36/36 MP: 14/20
  8123 | D:4      | Learned a level 4 spell: Iskenderun's Mystic Blast
  8128 | D:4      | Learned a level 4 spell: Fulminant Prism
  8216 | D:4      | Noticed Blork the orc
  8229 | D:4      | Killed Blork the orc
  8274 | D:4      | Found a snail-covered altar of Cheibriados.
  8278 | D:4      | Noticed Natasha
  8284 | D:4      | Killed Natasha
  8285 | D:4      | Reached skill level 8 in Spellcasting
  8322 | D:4      | Found a radiant altar of Vehumet.
  8373 | D:4      | Reached skill level 1 in Hexes
  8467 | D:4      | Became a worshipper of Vehumet
  8479 | D:4      | Identified a scroll of acquirement
  8517 | D:4      | Acquired 607 gold pieces
  8564 | D:5      | Entered Level 5 of the Dungeon
  8934 | D:5      | Reached skill level 1 in Translocations
  9174 | D:5      | Reached XP level 8. HP: 41/41 MP: 22/22
  9617 | D:6      | Found Gezuqyiw's Book Shoppe.
  9647 | D:6      | Reached skill level 9 in Spellcasting
  9936 | D:6      | Found a burning altar of Makhleb.
  9954 | D:6      | Noticed Maggie
  9983 | D:6      | Killed Maggie
  9984 | D:6      | Reached skill level 10 in Spellcasting
 10140 | D:6      | Reached XP level 9. HP: 45/45 MP: 25/25
 10309 | D:6      | Reached * piety under Vehumet
 10309 | D:6      | Offered knowledge of Shock by Vehumet.
 10318 | D:6      | Learned a level 1 spell: Shock
 10744 | D:7      | Reached skill level 1 in Air Magic
 10784 | D:7      | Reached skill level 5 in Hexes
 10878 | D:7      | Reached skill level 11 in Spellcasting
 10991 | D:7      | Found a staircase to the Ecumenical Temple.
 11004 | D:7      | Reached skill level 10 in Conjurations
 11231 | D:7      | Found a basalt altar of Yredelemnul.
 11400 | D:8      | Found Xiaristac's General Store.
 11403 | D:8      | Bought the Almanac of the Shapeshifter and the Dragon for
                  | 420 gold pieces
 11403 | D:8      | Bought a potion of heal wounds for 50 gold pieces
 11403 | D:8      | Bought the ring of Secrets {Int+6 Dex+3} for 493 gold
                  | pieces
 11413 | D:8      | Learned a level 5 spell: Fireball
 11420 | D:8      | Found Lilel's Book Boutique.
 11432 | D:8      | Reached skill level 1 in Fire Magic
 11586 | D:8      | Offered knowledge of Poisonous Vapours by Vehumet.
 11709 | D:8      | Learned a level 3 spell: Swiftness
 11732 | D:8      | Reached ** piety under Vehumet
 11747 | D:8      | Found Reiligh's Magic Scroll Emporium.
 11756 | D:8      | Found Coudd's Book Shoppe.
 11891 | D:8      | Found Mirrueg's Assorted Antiques.
 11918 | D:8      | Reached XP level 10. HP: 37/50 MP: 27/27
 12065 | D:9      | Reached skill level 5 in Translocations
 12677 | D:9      | Noticed Psyche
 12694 | D:9      | Killed Psyche
 12695 | D:9      | Reached skill level 12 in Spellcasting
 13312 | D:9      | Noticed a brown ugly thing
 13315 | D:9      | Found an iron altar of Okawaru.
 13326 | D:9      | Killed a brown ugly thing
 13717 | D:10     | Entered Level 10 of the Dungeon
 13729 | D:10     | Noticed a two-headed ogre
 13733 | D:10     | Killed a two-headed ogre
 13734 | D:10     | Reached skill level 5 in Fire Magic
 13813 | D:10     | Found a shimmering altar of Xom.
 13855 | D:10     | Noticed a gargoyle
 13861 | D:10     | Killed a gargoyle
 13862 | D:10     | Reached skill level 13 in Spellcasting
 13862 | D:10     | Reached XP level 11. HP: 54/54 MP: 15/30
 14126 | D:10     | Found a hazy altar of Hepliaklqana.
 14200 | D:10     | Offered knowledge of Hailstorm by Vehumet.
 14935 | D:11     | Noticed a two-headed ogre
 14943 | D:11     | Killed a two-headed ogre
 14945 | D:11     | Reached *** piety under Vehumet
 15260 | D:11     | Reached skill level 5 in Air Magic
 15261 | D:11     | Shot with a bolt by a yaktaur

Illustrated notes

Levels and vault maps discovered:
D:1:      dpeg_arrival_stone_temple_mockup, layout_rooms
D:2:      layout_rooms, serial_forest, infiniplex_forest_straight_3,
          infiniplex_forest_clump_curved, infiniplex_forest_clump_tiny,
          infiniplex_forest_end_3, infiniplex_forest_zigzag_1,
          infiniplex_forest_diagonal, infiniplex_forest_straight_4,
          infiniplex_forest_lined_3, uniq_robin
D:3:      layout_basic, eat_drink_and_be_merry_uskayaw, nicolae_ru_awakened_eye,
          lemuel_tele_altar, trog_book, uniq_jessica, uniq_ijyb
D:4:      layout_basic, grunt_dithmenos_smoke_and_mirrors,
          grunt_temple_overflow_open, uniq_eustachio, uniq_blork_the_orc,
          uniq_natasha
D:5:      layout_rooms
D:6:      layout_gridville, amcnicky_altar_gilded, serial_shops,
          nicolae_shop_waterfront, uniq_maggie
D:7:      layout_basic, yredelemnul_altar_generic,
          minmay_temple_entry_statues_fountains
D:8:      layout_basic, serial_shops, nicolae_shop_just_a_little_nook, shop,
          nicolae_shop_tiny_real_fake_doors, nicolae_shop_trees,
          nicolae_shop_hallway_plus, kennysheep_potato
D:9:      layout_basic, okawaru_ov_weapons_minmay, uniq_psyche
D:10:     layout_stronghold, mainiacjoe_overflow_concentric_impassable,
          mainiacjoe_overflow_paths
D:11:     layout_roguey, hellmonk_lair_entry_icy

Skill      XL: |  1  2  3  4  5  6  7  8  9 10 11 |
---------------+----------------------------------+-----
Spellcasting   | 4 5 6 7 8 10 11 13 | 13.8
Conjurations   | 5 6 7 8 9 10 11 12 | 12.2
Hexes          | 2 4 6 |  6.0
Translocations | 1 3 4 6 |  6.0
Air Magic      | 2 4 5 |  5.0
Fire Magic     | 2 5 7 |  7.1
Dodging        | |  2.4
Stealth        | |  2.4

Action                     |  1- 3 |  4- 6 |  7- 9 | 10-12 || total
---------------------------+-------+-------+-------+-------++-------
  Melee: Unarmed           |     2 |       |       |       ||     2
         Dagger            |       |     1 |     2 |       ||     3
   Cast: Magic Dart        |    80 |   121 |    96 |    23 ||   320
         Searing Ray       |     1 |    15 |    28 |       ||    44
         Fulminant Prism   |       |       |    23 |    15 ||    38
         Iskenderun's Myst |       |       |    26 |    18 ||    44
         Fireball          |       |       |       |    47 ||    47
         Swiftness         |       |       |       |     1 ||     1
    Use: Scroll            |       |       |     7 |     3 ||    10
 Armour: Robe              |     6 |    17 |    41 |    10 ||    74
  Dodge: Dodged            |    10 |    16 |    18 |       ||    44

Table legend: (Time is in decaauts)
 A = Elapsed time spent in this place.
 B = Non-inter-level travel time spent in this place.
 C = Inter-level travel time spent in this place.
 D = Time resting spent in this place.
 E = Time spent auto-exploring this place.
 F = Levels seen in this place.
 G = Mean time per level.
                   A        B        C        D        E       F      G
               +--------+--------+--------+--------+--------+-----+--------+
         Total |  15257 |  14975 |    282 |   8663 |   4608 |  11 | 1387.0 |
       Dungeon |  15257 |  14975 |    282 |   8663 |   4608 |  11 | 1387.0 |
               +--------+--------+--------+--------+--------+-----+--------+

Top non-repeatable levels by time:
     D:4: 4036 daAuts
     D:2: 1780 daAuts
     D:3: 1693 daAuts
     D:9: 1656 daAuts
     D:1: 1169 daAuts
     D:5: 1055 daAuts
    D:10: 1039 daAuts
     D:7: 875 daAuts
     D:6: 786 daAuts
     D:8: 658 daAuts
    D:11: 504 daAuts
